 Dungeon Crawl Stone Soup version 0.18.1-5-g4a78601 (webtiles) character file.

98 shmeve the Skirmisher (level 4, -3/30 HPs)
             Began as a Gargoyle Berserker on May 14, 2016.
             Was a Believer of Trog.
             Slain by a centaur (7 damage)
             ... on level 3 of the Dungeon.
             The game lasted 00:04:37 (1824 turns).

shmeve the Skirmisher (Gargoyle Berserker)          Turns: 1824, Time: 00:04:38

Health: -3/30      AC:  6    Str: 22    XL:     4   Next: 71%
Magic:  4/4        EV: 12    Int:  7    God:    Trog [**....]
Gold:   120        SH:  0    Dex:  9    Spells: 0 memorised, 3 levels left

rFire  . . .     SeeInvis .     n - +0 war axe
rCold  . . .     Gourm    .     b - +0 animal skin
rNeg   + . .     Faith    .     (no shield)
rPois  ∞         Spirit   .     (no helmet)
rElec  +         Dismiss  .     (no cloak)
rCorr  .         Reflect  .     a - +0 pair of gloves
SustAt +         Harm     .     (no boots)
MR     .....                    (no amulet)
Stlth  +.........               (no ring)
                                q - ring of sustain attributes

@: not resistant to hostile enchantments, very unstealthy
A: negative energy resistance 1, electricity resistance, unbreathing,
petrification resistance, rot immunity, AC +3
a: Berserk, Trog's Hand, Burn Spellbooks, Renounce Religion


You were on level 3 of the Dungeon.
You worshipped Trog.
Trog was pleased with you.
You were not hungry.

You visited 1 branch of the dungeon, and saw 3 of its levels.

You collected 120 gold pieces.

Inventory:

Hand Weapons
 n - a +0 war axe (weapon)
Armour
 a - a +0 pair of gloves (worn)
 b - a +0 animal skin (worn)
Jewellery
 q - a ring of sustain attributes (left hand)
Scrolls
 d - 3 scrolls of identify {unknown}
 e - 2 scrolls of noise {unknown}
 g - 2 scrolls of amnesia {unknown}
 j - 2 scrolls of recharging {unknown}
 p - a scroll of blinking {unknown}
 r - a scroll of enchant armour {unknown}
Potions
 f - 2 potions of flight {unknown}
 h - a potion of cancellation {unknown}
 i - 2 potions of agility {unknown}
 k - a potion of heal wounds {unknown}
 o - a potion of degeneration {unknown}
Comestibles
 c - 4 bread rations
 l - 2 meat rations
 m - a slice of pizza


   Skills:
 * Level 4.4 Fighting
 * Level 3.3 Axes
 + Level 2.9 Armour
 + Level 2.0 Dodging


You had 3 spell levels left.
You didn't know any spells.

Dungeon Overview and Level Annotations

Branches:
Dungeon (3/15)

Altars:
Dithmenos
Xom


Innate Abilities, Weirdness & Mutations

You are resistant to torment.
Your stone body is resilient (AC +3).
You are immune to poison.
You resist negative energy.
You are resistant to electric shocks.
You can survive without breathing.
You are immune to petrification.
You are immune to rotting.


Message History

The centaur shoots an arrow.
The arrow hits you.
You see here an arrow.
The centaur shoots an arrow.
The arrow closely misses you.
You hit the centaur.
The centaur is lightly wounded.
The centaur unwields an uncursed shortbow.
The centaur closely misses you. The centaur hits you.
You barely miss the centaur.
The centaur is lightly wounded.
The centaur closely misses you.
The centaur hits you but does no damage.
You hit the centaur.
The centaur is moderately wounded.
The centaur hits you. x2
You hit the centaur.
The centaur is heavily wounded.
The centaur hits you!
* * * LOW HITPOINT WARNING * * *
The centaur hits you!
You die...

... ... #.## .... ..#
... ### ########..###
......... ...........#
.......#.###.........#
...........#.........#
...#.......#....c....#
...........#....@....#
.....##....####..#####
...........# ##.(#
.....##....###.(##
......#.......(.#
)...........##.##
....##.........#
.......####..######
......## ##......#


You could see a centaur.

Vanquished Creatures
  4 adders
  A worm (D:2)
  2 dart slugs (D:1)
  3 giant geckos
  An orc (D:3)
  9 goblins
  5 hobgoblins
  3 jackals (D:3)
  A quokka (D:2)
  A ball python (D:2)
  6 bats
  2 giant newts
  4 kobolds (D:2)
  9 rats
51 creatures vanquished.

Notes
Turn   | Place    | Note
--------------------------------------------------------------
     0 | D:1      | shmeve the Gargoyle Berserker began the quest for the Orb.
     0 | D:1      | Reached XP level 1. HP: 14/14 MP: 1/1
   245 | D:1      | Reached XP level 2. HP: 8/20 MP: 2/2
   811 | D:1      | Reached XP level 3. HP: 20/24 MP: 3/3
  1043 | D:2      | Reached ** piety under Trog
  1071 | D:2      | Reached skill level 4 in Fighting
  1179 | D:2      | Reached XP level 4. HP: 22/29 MP: 4/4
  1629 | D:2      | Found a shimmering altar of Xom.
  1680 | D:3      | Found a shadowy altar of Dithmenos.
  1816 | D:3      | Noticed a centaur
  1824 | D:3      | Slain by a centaur

Skill      XL: |  1  2  3  4 |
---------------+-------------+-----
Axes           | 3 |  3.3
Fighting       | 4 |  4.4
Dodging        | 2 |  2.0
Armour         | |  2.9

Action                   |  1- 3 |  4- 6 || total
-------------------------+-------+-------++-------
Melee: Hand axe          |    61 |       ||    61
       War axe           |    28 |    63 ||    91
  Eat: Chunk             |     1 |     2 ||     3
Armor: Animal skin       |    34 |    42 ||    76
Dodge: Dodged            |    75 |    80 ||   155
